 Dungeon Crawl Stone Soup version 0.30-a0-25-gacc37e2db0 (webtiles) character file.

Game seed: 577962459293554698

83764 Plasmagod the Brawler (level 15, -4/171 HPs)
             Began as a Yellow Draconian Transmuter on Aug 25, 2022.
             Was a Priest of Ashenzari.
             Slain by a naga
             ... wielding a +0 halberd
              (14 damage)
             ... on level 1 of the Snake Pit.
             The game lasted 01:18:01 (31426 turns).

Plasmagod the Brawler (DrTm)                       Turns: 31426, Time: 01:18:01

Health: -4/171     AC: 15    Str: 13    XL:     15   Next: 33%
Magic:  29/32      EV:  7    Int: 27    God:    Ashenzari [***...]
Gold:   1458       SH:  5    Dex: 11    Spells: 22/40 levels left

rFire   x . .      SeeInvis +      - Unarmed
rCold   + + +      Faith    .    (shield currently unavailable)
rNeg    . . .      Spirit   .    (body armour unavailable)
rPois   +          Reflect  +    (helmet currently unavailable)
rElec   .          Harm     .    (cloak currently unavailable)
rCorr   .          Rampage  .    (gloves currently unavailable)
Will    +....      Clarity  +    (boots currently unavailable)
Stlth   +.........               P - amulet of the Revealing Sybil {Reflect SH+5, Melee, Self} (curse)
HPRegen 0.38/turn                h - ring of poison resistance
MPRegen 0.23/turn                E - ring "Share My Malaise" {Int+6, Self, Elem} (curse)

@: ice-form, wereblooded, constricted
A: freezing attack, amphibious, boosted hp, (spit acid), AC +9, large, unfitting
armour, (acidic bite), (cold-blooded), (acid resistance)
a: End Transformation, Renounce Religion, Shatter the Chains


You were on level 1 of the Snake Pit.
You worshipped Ashenzari.
Ashenzari was most pleased with you.
You were a creature of crystalline ice.
You visited 4 branches of the dungeon, and saw 22 of its levels.
You also visited: Ossuary and Ice Cave.

You collected 1458 gold pieces.

Inventory:

Armour
 L - the cursed +1 pair of gloves of Ashenzari's Repose (melded) {Melee, Alch}
   (You found it on level 6 of the Dungeon)

   It has a curse which improves the following skills: Melee Combat: Short
   Blades, Long Blades, Axes, Maces & Flails, Polearms, Staves and Unarmed
   Combat.
   Alchemy:   Poison Magic and Transmutations.
 Q - the cursed +0 cloak of Ashenzari's Annoyance (melded) {Self, Alch}
   (You took it off Maurice on level 8 of the Dungeon)

   It has a curse which improves the following skills: Introspection: Fighting
   and Spellcasting.
   Alchemy:   Poison Magic and Transmutations.
 Y - the cursed +0 pair of boots of Ashenzari's Cynicism (melded) {Cun, Fort}
   (You found it on level 14 of the Dungeon)

   It has a curse which improves the following skills: Cunning: Dodging and
   Stealth.
   Fortitude: Shields.
Magical Staves
 m - a staff of earth
 q - a staff of cold (melded)
 W - a staff of air
Jewellery
 h - a ring of poison resistance (left front paw)
 t - a ring of ice
 z - a ring of willpower
 B - a ring of protection from fire
 E - the cursed ring "Share My Malaise" (right front paw) {Int+6, Self, Elem}
   (You found it on level 7 of the Dungeon)

   [ring of intelligence]

   Int:       It affects your intelligence (+6).
   It has a curse which improves the following skills: Introspection: Fighting
   and Spellcasting.
   Elements:  Fire Magic, Ice Magic, Air Magic and Earth Magic.
 I - a +4 ring of slaying
 P - the cursed amulet of the Revealing Sybil (around neck) {Reflect SH+5, Melee, Self}
   (You took it off Maurice on level 8 of the Dungeon)

   [amulet of reflection]

   It reflects blocked missile attacks.
   SH:        It affects your SH (+5).
   It has a curse which improves the following skills: Melee Combat: Short
   Blades, Long Blades, Axes, Maces & Flails, Polearms, Staves and Unarmed
   Combat.
   Introspection: Fighting and Spellcasting.
 V - an amulet of guardian spirit
 X - a ring of protection from cold
 Z - an amulet of regeneration
Wands
 s - a wand of flame (62)
 y - a wand of charming (38)
 C - a wand of mindburst (7)
 H - a wand of polymorph (4)
 K - a wand of digging (14)
 O - a wand of roots (13)
 R - a wand of light (4)
Scrolls
 i - 11 scrolls of teleportation
 l - 5 scrolls of enchant weapon
 r - 4 scrolls of magic mapping
 u - 5 scrolls of silence
 v - 3 scrolls of blinking
 x - 3 scrolls of brand weapon
 A - 3 scrolls of noise
 D - a scroll of summoning
 G - 2 scrolls of enchant armour
 N - 3 scrolls of amnesia
 S - a scroll of poison
 T - 2 scrolls of fear
Potions
 a - 3 potions of lignification
 c - 5 potions of invisibility
 d - 3 potions of ambrosia
 e - 4 potions of berserk rage
 f - 4 potions of attraction
 g - 4 potions of haste
 j - 2 potions of might
 k - 4 potions of resistance
 n - 5 potions of cancellation
 o - 4 potions of mutation
 p - 12 potions of curing
 w - 6 potions of flight
 F - a potion of heal wounds
 J - 2 potions of magic
 M - a potion of brilliance
Miscellaneous
 U - a phantom mirror


   Skills:
 + Level 13.5(15.8) Fighting
 + Level 1.8 Dodging
 + Level 0.2 Stealth
 + Level 0.2 Shields
 + Level 15.0(16.5) Unarmed Combat
 + Level 10.9(13.3) Spellcasting
 + Level 11.0 Transmutations
 - Level 6.7(8.3) Ice Magic
 + Level 11.2(12.8) Air Magic


You had 22 spell levels left.
You knew the following spells:

 Your Spells              Type           Power      Damage    Failure   Level
a - Beastly Appendage     Tmut           100%       N/A       1%          1
b - Wereblood             Tmut           67%        N/A       1%          2
c - Ice Form              Ice/Tmut       63%        N/A       1%          4
d - Swiftness             Air            72%        N/A       1%          3
e - Airstrike             Air            36%        2d(6-22)  1%          4
f - Summon Lightning Spi  Summ/Air       51%        N/A       2%          4

Your spell library contained the following spells:

 Spells                   Type           Power      Damage    Failure   Level
 Shock                    Conj/Air       100%       1d9       1%          1
 Sting                    Tmut/Pois      100%       1d8       1%          1
 Passwall                 Tmut/Erth      40%        N/A       1%          2
 Poisonous Vapours        Pois/Air       100%       N/A       1%          2
 Static Discharge         Conj/Air       51%        3-10/arc  1%          2
 Mephitic Cloud           Conj/Pois/Air  41%        N/A       1%          3
 Spider Form              Tmut/Pois      47%        N/A       1%          3
 Sandblast                Erth           38%        2d10      2%          1
 Apportation              Tloc           34%        N/A       3%          1
 Magic Dart               Conj           68%        1d6       3%          1
 Necrotise                Necr           68%        1d7       3%          1
 Summon Small Mammal      Summ           68%        N/A       3%          1
 Blink                    Tloc           34%        N/A       4%          2
 Call Imp                 Summ           17%        N/A       4%          2
 Scorch                   Fire           38%        2d7       4%          2
 Searing Ray              Conj           34%        2d5       4%          2
 Stone Arrow              Conj/Erth      36%        3d9       9%          3
 Call Canine Familiar     Summ           17%        N/A       10%         3
 Lesser Beckoning         Tloc           17%        N/A       10%         3
 Portal Projectile        Hex/Tloc       34%        N/A       10%         3
 Summon Guardian Golem    Hex/Summ       17%        N/A       10%         3
 Storm Form               Tmut/Air       35%        N/A       19%         7
 Flame Wave               Conj/Fire      18%        2d7       28%         4
 Leda's Liquefaction      Hex/Erth       9%         N/A       28%         4
 Sticky Flame             Conj/Fire      18%        2d4       28%         4
 Dispel Undead            Necr           17%        3d10      30%         4
 Fulminant Prism          Conj/Hex       8%         3d7       30%         4
 Olgreb's Toxic Radiance  Pois           17%        N/A       30%         4
 Statue Form              Tmut/Erth      32%        N/A       43%         6
 Lee's Rapid Deconstruct  Erth           9%         3d8*      61%         5
 Manifold Assault         Tloc           17%        N/A       65%         5
 Maxwell's Capacitive Co  Air            36%        ∞         71%         8
 Summon Cactus Giant      Summ           8%         N/A       99%         6


Dungeon Overview and Level Annotations

Branches:
Dungeon (15/15)            Temple (1/1) D:4            Lair (5/5) D:9
 Shoals (0/4) Lair:3        Snake (1/4) Lair:2        Slime (0/5) Lair:4
    Orc (0/2) D:12         Vaults (0/5) D:13         Depths (0/4) D:15
Ossuary (visited)           IceCv (visited)

Altars:
Ashenzari
Cheibriados
Dithmenos
Elyvilon
Fedhas
Gozag
Hepliaklqana
Kikubaaqudgha
Makhleb
Nemelex Xobeh
Okawaru
Qazlal
Ru
Trog
Uskayaw
Vehumet
Wu Jian
Xom
Zin
The Shining One
Lugonu

Shops:
D:9 =

Portals:
Abyss: Lair:5

Annotations:
D:8 3 runed translucent doors, BritishOli's ghost, novice DsFi
Lair:5 3 runed translucent doors, 2 exclusions, Lycake's ghost, journeyman MiFi; Somebody's ghost, journeyman MeWn; Zuruic's ghost, journeyman OgIE


Innate Abilities, Weirdness & Mutations

You are a creature of crystalline ice.
You have a powerful freezing melee attack.
You are amphibious.
Your maximum health is increased.
Your armour is entirely melded.
You are incapable of wielding weapons or throwing items.
((You can spit globs of acid.))
((Your golden yellow scales are hard. (AC +9)))
You cannot fit into any form of body armour.
((You have acidic saliva.))
((You are cold-blooded and may be slowed by cold attacks.))
((You are resistant to acid. (rCorr)))


Message History

You howl as the wereblood boils in your veins!
You feel sick. You block the naga's attack.
You punch the naga warrior! You freeze the naga warrior.
The naga warrior is lightly wounded.
You feel sick. The naga warrior misses you. The naga warrior grabs you.
The naga warrior constricts you.
You punch the naga warrior! You freeze the naga warrior.
The naga warrior is moderately wounded.
The naga hits you from afar with a +0 halberd!!
The naga warrior hits you with a +0 scimitar!
The naga warrior constricts you. The naga warrior blocks your attack.
The naga warrior is moderately wounded.
You howl as the wereblood boils in your veins!
You feel sick. The naga hits you but does no damage.
You hit the naga warrior but do no damage.
The naga warrior is moderately wounded.
You howl as the wereblood boils in your veins!
You feel sick. The naga warrior spits poison at you.
The splash of poison hits you but does no damage.
You resist. The naga warrior constricts you.
You punch the naga warrior! You freeze the naga warrior!
The naga warrior is severely wounded.
The naga hits you from afar with a +0 halberd!!
* * * LOW HITPOINT WARNING * * *
The naga warrior hits you with a +0 scimitar!
* * * LOW HITPOINT WARNING * * *
The naga warrior constricts you.
* * * LOW HITPOINT WARNING * * *
You escape the naga warrior's grasp.
You feel sick.
You are no longer poisoned.
There is a staircase back to the Lair here.
The naga warrior hits you with a +0 scimitar!
* * * LOW HITPOINT WARNING * * *
The naga warrior grabs you.
You stop ascending the stairs.
The naga warrior constricts you.
* * * LOW HITPOINT WARNING * * *
The naga hits you from afar with a +0 halberd!
You die...

* .### ...# #..# ,
,##...>. ,...##..#
.#..... *#......#
* ......# ##.....*
* , ......###..[#,
* * , ,,* ##..*
#.......# * #..
##......## * * ,
##)# ##.......#
##..###...Y...##
**
#........N.)(.##
#........).N....#
*
#......#...N#...#
*#.....####.)....#
* * , , #....##
#.......# * #...##
#.......... *
#...** *
#.....####.*
,**#..., , #....##
*


You could see a naga warrior and 2 nagas.

Vanquished Creatures
  Agnes (D:14)
  A stone giant (D:15)
  8 vault guards (D:13)
  5 boulder beetles
  7 hydras
  4 two-headed ogres
  2 centaur warriors (D:15)
  A death knight (D:15)
  5 death yaks
  A tengu warrior (D:15)
  2 naga warriors (Snake:1)
  3 thrashing horrors (Lair:5)
  A skeletal warrior (D:15)
  An orc knight (D:15)
  A mana viper (shapeshifter) (Lair:5)
  2 manticores
  10 ugly things
  2 salamanders (Snake:1)
  6 cyclopes
  Maurice (D:8)
  A merfolk siren (Lair:3)
  A guardian serpent (Snake:1)
  An elephant (shapeshifter) (D:14)
  13 elephants
  5 black mambas
  A naga mage (Snake:1)
  A torpor snail (Lair:4)
  4 smoke demons (Lair:5)
  Joseph (D:9)
  6 cane toads
  A gargoyle (D:13)
  10 komodo dragons
  An unseen horror (D:13)
  5 rime drakes
  A tengu conjurer (D:15)
  3 ancient zymes (Lair:5)
  A wolf spider simulacrum (D:14)
  4 trolls
  10 polar bears
  6 meliai (D:14)
  3 merfolk (Lair:3)
  A hornet (D:7)
  26 dream sheep
  17 blink frogs
  Prince Ribbit (Lair:3)
  7 small abominations (Lair:5)
  A shadow (D:10)
  A centaur simulacrum (D:15)
  A spriggan (Lair:5)
  4 wraiths
  3 wyverns
  A large abomination (Lair:5)
  2 vampires
  34 yaks
  3 basilisks
  3 steam dragons
  A chaos spawn (Lair:5)
  3 vampire mosquitoes (D:14)
  3 nagas
  2 acid dragons
  11 water moccasins
  5 orc warriors
  2 black bears
  2 ice beasts
  4 sky beasts
  52 wolves
  5 ogres
  9 centaurs
  6 kobold brigands
  14 bullfrogs
  A necrophage (D:5)
  2 scorpions
  8 wights
  13 killer bees
  6 howler monkeys
  A centaur zombie (Ossuary)
  13 jellies
  3 hounds
  A gnoll bouda (D:6)
  7 orc priests
  An iguana (D:5)
  10 orc wizards
  10 gnolls
  6 adders
  2 shadow imps
  2 white imps
  An ufetubus (D:4)
  An adder zombie (Ossuary)
  A worm (D:3)
  7 dart slugs
  52 orcs
  2 bats (D:3)
  9 endoplasms
  2 giant cockroaches
  3 goblins
  11 hobgoblins
  10 jackals
  6 quokkas
  4 ball pythons
  A ball python skeleton (Ossuary)
  A frilled lizard (D:3)
  A hobgoblin skeleton (Ossuary)
  A hobgoblin zombie (Ossuary)
  40 kobolds
  2 orc skeletons (Ossuary)
  An orc zombie (Ossuary)
  9 rats
618 creatures vanquished.

Vanquished Creatures (others)
  17 fungi
  20 plants
37 creatures vanquished.

Grand Total: 655 creatures vanquished

Notes
Turn   | Place    | Note
-------+----------+-------------------------------------------
     0 | D:1      | Plasmagod the Draconian Transmuter began the quest for the
                  | Orb.
     0 | D:1      | Reached XP level 1. HP: 16/16 MP: 3/3
   309 | D:1      | Reached XP level 2. HP: 20/23 MP: 5/5
   620 | D:1      | Reached skill level 4 in Unarmed Combat
   964 | D:1      | Reached XP level 3. HP: 18/28 MP: 4/6
  1939 | D:2      | Reached XP level 4. HP: 35/35 MP: 5/7
  2029 | D:2      | Reached skill level 5 in Unarmed Combat
  2701 | D:3      | Reached XP level 5. HP: 25/39 MP: 8/8
  2827 | D:3      | Found a burning altar of Makhleb.
  3424 | D:3      | Reached skill level 6 in Unarmed Combat
  3577 | D:4      | Found a staircase to the Ecumenical Temple.
  3604 | Temple   | Entered the Ecumenical Temple
  3637 | Temple   | Became a worshipper of Ashenzari the Shackled
  3916 | D:4      | Noticed an ogre
  3924 | D:5      | Entered Level 5 of the Dungeon
  4152 | D:5      | Reached XP level 6. HP: 47/47 MP: 7/9
  4198 | D:5      | Reached skill level 7 in Unarmed Combat
  4265 | D:5      | Noticed an ice beast
  4331 | D:5      | Found a snail-covered altar of Cheibriados.
  4331 | D:5      | Found an ornate altar of the Wu Jian Council.
  4332 | D:5      | Found a glowing silver altar of Zin.
  4339 | D:5      | Found a sacrificial altar of Ru.
  4492 | D:5      | Reached skill level 8 in Unarmed Combat
  4669 | D:6      | Your scales start taking on a golden yellow colour.
  4669 | D:6      | Reached XP level 7. HP: 48/52 MP: 8/10
  4669 | D:6      | Gained mutation: You are resistant to acid. (rCorr) [Yellow
                  | Draconian growth]
  4738 | D:6      | Identified the +10 short sword of War {holy, rCorr}
  4958 | D:5      | You fall into a shaft and drop 3 floors!
  4959 | D:8      | Found a runed translucent gate.
  4960 | D:8      | Found a runed translucent gate.
  4960 | D:8      | Found an opulent altar of Gozag.
  4961 | D:8      | Found a runed translucent gate.
  4963 | D:8      | Noticed a wizard
  4964 | D:8      | Noticed a shadow
  4964 | D:8      | Noticed BritishOli's ghost (novice DsFi)
  4964 | D:8      | Noticed a centaur warrior
  5008 | D:8      | Reached skill level 9 in Unarmed Combat
  5188 | D:7      | Found a sand-covered staircase.
  5192 | Ossuary  | Entered an ossuary
  5261 | Ossuary  | Reached XP level 8. HP: 29/57 MP: 9/11
  5418 | Ossuary  | Reached skill level 10 in Unarmed Combat
  5456 | Ossuary  | Noticed a flying skull
  6319 | D:4      | Found a hazy altar of Hepliaklqana.
  6320 | D:4      | Found a faded altar of an unknown god.
  6885 | D:6      | Reached skill level 11 in Unarmed Combat
  7036 | D:6      | Learned a level 2 spell: Wereblood
  7593 | D:7      | Reached XP level 9. HP: 72/72 MP: 12/15
  7747 | D:7      | Reached skill level 5 in Fighting
  7965 | D:7      | Reached skill level 5 in Spellcasting
  8224 | D:8      | Reached skill level 1 in Ice Magic
  8224 | D:8      | Reached skill level 1 in Air Magic
  8240 | D:8      | Identified the +3 scimitar of Thoughtfulness {spect, Drain
                  | Int-2 Dex+9 Stlth+}
  8453 | D:8      | Found a hide-covered altar of Uskayaw.
  8858 | D:8      | Found a stormy altar of Qazlal.
  8895 | D:8      | Noticed Maurice
  8943 | D:8      | Killed Maurice
  9967 | D:9      | Reached XP level 10. HP: 73/86 MP: 13/19
 10169 | D:9      | Noticed Joseph
 10177 | D:9      | Killed Joseph
 10250 | D:9      | Reached * piety under Ashenzari
 10568 | D:9      | Found a staircase to the Lair.
 10714 | D:9      | Found Qeschanoj's Jewellery Emporium.
 11283 | D:9      | Learned a level 4 spell: Ice Form
 11297 | D:10     | Entered Level 10 of the Dungeon
 11298 | D:10     | Identified the +0 scale mail "Vymos" {rC+}
 12031 | D:11     | Reached XP level 11. HP: 60/95 MP: 20/22
 12295 | D:11     | Noticed a two-headed ogre
 12306 | D:11     | Reached skill level 5 in Air Magic
 12618 | D:11     | Reached ** piety under Ashenzari
 12740 | Lair:1   | Entered Level 1 of the Lair of Beasts
 12780 | Lair:1   | Reached skill level 5 in Ice Magic
 12849 | Lair:1   | Identified the cursed +0 cloak of Ashenzari's Annoyance
                  | {Self, Alch} (You took it off Maurice on level 8 of the
                  | Dungeon)
 12849 | Lair:1   | Identified the cursed +1 pair of gloves of Ashenzari's
                  | Repose {Melee, Alch} (You found it on level 6 of the
                  | Dungeon)
 12899 | Lair:1   | Noticed a seven-headed hydra
 12907 | Lair:1   | Killed a seven-headed hydra
 13706 | Lair:1   | Reached *** piety under Ashenzari
 14184 | Lair:1   | Noticed a boulder beetle
 14195 | Lair:1   | Killed a boulder beetle
 14196 | Lair:1   | Reached skill level 5 in Transmutations
 14578 | Lair:2   | Found a staircase to the Snake Pit.
 14854 | Lair:2   | Reached skill level 12 in Unarmed Combat
 15062 | Lair:2   | Found a frozen archway.
 15077 | IceCv    | Entered an ice cave
 15095 | IceCv    | Reached XP level 12. HP: 34/111 MP: 22/26
 15779 | IceCv    | Noticed a death yak
 15794 | IceCv    | Killed a death yak
 16117 | IceCv    | Noticed a frost giant
 16117 | IceCv    | Noticed a death yak
 16219 | Lair:2   | Learned a level 3 spell: Swiftness
 16224 | Lair:2   | Learned a level 4 spell: Airstrike
 16615 | Lair:2   | Noticed a four-headed hydra
 16619 | Lair:2   | Killed a four-headed hydra
 16929 | Lair:3   | Found a staircase to the Shoals.
 17449 | Lair:3   | Noticed Prince Ribbit
 17458 | Lair:3   | Killed Prince Ribbit
 17470 | Lair:3   | Reached skill level 10 in Fighting
 19014 | Lair:3   | Reached skill level 13 in Unarmed Combat
 19014 | Lair:3   | Reached XP level 13. HP: 71/119 MP: 25/28
 19652 | Lair:4   | Found a staircase to the Slime Pits.
 20517 | Lair:5   | Entered Level 5 of the Lair of Beasts
 20971 | Lair:5   | Found a runed translucent gate.
 20972 | Lair:5   | Found a runed translucent gate.
 20973 | Lair:5   | Found a runed translucent gate.
 20976 | Lair:5   | Noticed Somebody's ghost (journeyman MeWn)
 20976 | Lair:5   | Noticed Zuruic's ghost (journeyman OgIE)
 20977 | Lair:5   | Noticed Lycake's ghost (journeyman MiFi)
 20978 | Lair:5   | Identified the +2 ring mail "Umpy" {rPois}
 21015 | Lair:5   | Identified the +5 long sword of Hamoczigg {flame, Fragile
                  | rElec rF++ Str+8}
 21289 | Lair:5   | Reached skill level 10 in Spellcasting
 21616 | Lair:5   | Gained mutation: You have acidic saliva. [Yellow Draconian
                  | growth]
 21616 | Lair:5   | Reached XP level 14. HP: 132/132 MP: 24/30
 22459 | Lair:5   | Reached skill level 14 in Unarmed Combat
 22857 | Lair:5   | Found a corrupted altar of Lugonu.
 22857 | Lair:5   | Found a one-way gate to the infinite horrors of the Abyss.
 24165 | D:12     | Found a staircase to the Orcish Mines.
 24194 | D:12     | Reached skill level 10 in Air Magic
 25052 | D:13     | Found a gate to the Vaults.
 25335 | D:13     | Reached skill level 10 in Transmutations
 25522 | D:13     | Found a snail-covered altar of Cheibriados.
 28035 | D:14     | Noticed Agnes
 28041 | D:14     | HP: 1/162 [Agnes/+1 lajatang of speed (24)]
 28044 | D:14     | Killed Agnes
 28556 | D:15     | Entered Level 15 of the Dungeon
 28659 | D:15     | Reached XP level 15. HP: 109/141 MP: 30/32
 28970 | D:15     | Found a staircase to the Depths.
 29959 | D:15     | Reached skill level 15 in Unarmed Combat
 30041 | D:15     | Found a blossoming altar of Fedhas.
 30660 | Lair:2   | Learned a level 4 spell: Summon Lightning Spire
 30663 | Snake:1  | Entered Level 1 of the Snake Pit
 31148 | Lair:2   | Identified the cursed +0 pair of boots of Ashenzari's
                  | Cynicism {Cun, Fort} (You found it on level 14 of the
                  | Dungeon)
 31426 | Snake:1  | Slain by a naga

Illustrated notes

Levels and vault maps discovered:
D:1:      mrwooster_arrival_statue, layout_rooms,
          minmay_misc_feat_secret_circle, fountainhead, roderic_serpentine_path,
          grunt_decor_junction, st_stairs_9, kennysheep_nondescript,
          minmay_octomino_e4
D:2:      layout_basic, patterned_corridor
D:3:      layout_basic, kennysheep_orc_sif_temple,
          mainiacjoe_overflow_surrounded_room, corexii_leaking_fountain
D:4:      layout_loops_ring, beargit_hepliaklqana_dungeon_heroes,
          minmay_temple_entry_offerings, eino_tiny_chamber, minmay_diced_spiral
D:5:      layout_cave_pools, nicolae_overflow_quartered_altars, kennysheep_boxes
D:6:      layout_cave_pools, minivault_27
D:7:      layout_rooms, enter_ossuary_5
D:8:      layout_basic, grunt_qazlal_clouds, mainiacjoe_overflow_alcove_2,
          ebering_ghost_gozag, serial_curves, eino_curves_01, eino_curves_02,
          eino_curves_02, hex_tiny, minmay_misc_feat_four_crosses, uniq_maurice
D:9:      layout_roguey [special_room_orc], lair_entry_dummy, serial_shops,
          nicolae_shop_crystal, nicolae_titane, uniq_joseph
D:10:     layout_rooms
D:11:     layout_loops_ring
D:12:     layout_rooms
D:13:     layout_roguey, erik_vaults_2, cheibriados_altar_1
D:14:     layout_grid_maze, nrook_mini_backslash, corner_web_ring, uniq_agnes
D:15:     grunt_enter_depths_giant_problem, layout_small_grid, fedhas_altar_3
Temple:   cyrus_circular_temple
Lair:1:   layout_cave_pods, grunt_megastairs_4, serial_bayou_shore_b
Lair:2:   layout_roguey, guppyfry_snake_entry_island,
          portal_ice_cave_entry_ice_simulacra
Lair:3:   layout_regular_city, elwin_shoals_entry_stream, uniq_prince_ribbit2
Lair:4:   layout_gridlike, minmay_slime_entry_jelly_boxes,
          grunt_forest_large_clearings, lemuel_fruit_fields
Lair:5:   hellmonk_lair_end_abyssal_woods, layout_cave_shapes,
          gammafunk_ghost_cemetery, minivault_19,
          nicolae_lair_grove_arrangements
Snake:1:  layout_layer_cave, hangedman_snake_corridor_split, lemuel_fruit_tree

Skill      XL: |  1  2  3  4  5  6  7  8  9 10 11 12 13 14 15 |
---------------+----------------------------------------------+-----
Unarmed Combat | 4 5 6 8 9 11 12 13 14 15 | 15.0
Fighting       | 4 6 7 9 10 11 13 | 13.5
Spellcasting   | 3 5 6 7 9 10 | 10.9
Ice Magic      | 3 4 6 |  6.7
Air Magic      | 3 4 6 7 9 10 11 | 11.2
Transmutations | 4 5 7 9 10 11 | 11.0
Dodging        | |  1.8
Stealth        | |  0.2
Shields        | |  0.2

Action                   |  1- 3 |  4- 6 |  7- 9 | 10-12 | 13-15 || total
-------------------------+-------+-------+-------+-------+-------++-------
Melee: Unarmed           |   142 |   136 |   236 |   476 |   687 ||  1677
       Kick              |    22 |    25 |    52 |    83 |       ||   182
       Tailslap          |    10 |    16 |    25 |    33 |     1 ||    85
       Headbutt          |    12 |    22 |    20 |    46 |       ||   100
       Punch             |       |     2 |    10 |    12 |     1 ||    25
       Staff             |       |       |       |       |     3 ||     3
       Bite              |       |       |       |       |     1 ||     1
 Cast: Beastly Appendage |    22 |    33 |    49 |    30 |       ||   134
       Wereblood         |       |       |     6 |    22 |    28 ||    56
       Ice Form          |       |       |       |    23 |    57 ||    80
       Airstrike         |       |       |       |    15 |    72 ||    87
Invok: Curse Item        |       |       |     1 |     3 |     1 ||     5
 Abil: Breathe Acid      |       |       |    18 |    14 |       ||    32
       End Transformatio |       |       |       |     3 |     3 ||     6
Evoke: Wand              |       |       |     2 |     1 |     2 ||     5
  Use: Scroll            |       |       |    26 |     1 |     2 ||    29
       Potion            |       |       |       |     2 |     4 ||     6
 Stab: Sleeping          |       |     2 |     1 |       |       ||     3
Armor: Skin              |    47 |    33 |    66 |   191 |   218 ||   555
Dodge: Dodged            |   100 |    65 |   120 |   235 |   291 ||   811
Block: Other             |       |       |       |    65 |   135 ||   200
       Reflection        |       |       |       |     1 |     3 ||     4

Table legend: (Time is in decaauts)
 A = Elapsed time spent in this place.
 B = Non-inter-level travel time spent in this place.
 C = Inter-level travel time spent in this place.
 D = Time resting spent in this place.
 E = Time spent auto-exploring this place.
 F = Levels seen in this place.
 G = Mean time per level.
                   A        B        C        D        E       F      G
               +--------+--------+--------+--------+--------+-----+--------+
         Total |  31065 |  30084 |    981 |   4842 |  21062 |  24 | 1294.4 |
       Dungeon |  19148 |  18433 |    715 |   1390 |  14685 |  15 | 1276.5 |
        Temple |     46 |     34 |     12 |      0 |     21 |   1 |   46.0 |
          Lair |  10364 |  10110 |    254 |   2552 |   6138 |   5 | 2072.8 |
     Snake Pit |     68 |     68 |      0 |      3 |      0 |   1 |   68.0 |
       Ossuary |    350 |    350 |      0 |    141 |     51 |   1 |  350.0 |
      Ice Cave |   1087 |   1087 |      0 |    756 |    166 |   1 | 1087.0 |
               +--------+--------+--------+--------+--------+-----+--------+

Top non-repeatable levels by time:
  Lair:5: 2946 daAuts
    D:14: 2229 daAuts
  Lair:3: 2203 daAuts
  Lair:2: 2143 daAuts
    D:15: 1928 daAuts
     D:9: 1837 daAuts
  Lair:1: 1797 daAuts
     D:8: 1489 daAuts
     D:1: 1375 daAuts
    D:13: 1350 daAuts
  Lair:4: 1274 daAuts
     D:5: 1240 daAuts
     D:3: 1205 daAuts
     D:6: 1146 daAuts
   IceCv: 1087 daAuts
